cohdb
Replays
Latest Replays
All Replays
Popular Replays
Top Player Replays
Match Explorer
How It Works
Community
CoH3 Stats
Reddit
Sign in to upload your games and track your stats! →
Sign in with Steam
Match 44810958
Unlisted
Match 44810958
Overview
Messages
Build Orders
End
Construct Infanterie Kompanie
Selects Terror Battlegroup
Selects Terror Battlegroup
Selects Machine Gun Camouflage
MG 42 Machine Gun Team
Grenadier Squad
MG 42 Machine Gun Team
Infanterie Officer Quarters
Selects Contempt for the Weak
MG 42 Bunker
Construct Panzergrenadier Kompanie
Panzergrenadier Squad
Medical Bunker
Support Elements
Selects Propaganda Leaflet Drop
StuG III G Assault Gun
Propaganda Leaflet Drop
Panzergrenadier Officer Quarters
Grenadier Squad
Nebelwerfer 42 Rocket Launcher Team
StuG III G Assault Gun
Side Skirts
Propaganda Leaflet Drop
Selects No Quarter
Construct Panzer Kompanie
Propaganda Leaflet Drop
Panzergrenadier Squad
StuG III G Assault Gun
Selects V1 Rocket Strike
Propaganda Leaflet Drop
Pak 40 Anti-tank Gun Team
Pioneer Squad
MG 42 Bunker
V1 Rocket Strike
Pioneer Squad
Stoßtruppen Squad
Stoßtruppen Squad
Selects King Tiger Heavy Tank
StuG III G Assault Gun
MG 42 Bunker
Grenadier Squad
Propaganda Leaflet Drop
King Tiger Heavy Tank
Pioneer Squad
Pioneer Squad
Panzer IV Medium Tank
Panzer Officer Quarters
MG 42 Bunker
Panzer IV Medium Tank
Pioneer Squad
Propaganda Leaflet Drop
Grenadier Squad
Panzer IV Medium Tank
King Tiger Heavy Tank
hjj7865
Fupped
绣春刀
eccevee
Bonky The Bonk
Batty
Halokoo
盖世态保
0
0
Comments
sign in to comment!
No comments posted yet!